 Dungeon Crawl Stone Soup version 0.30-a0-585-g93115170b9 (webtiles) character file.

Game seed: 653839726227744024

96 Farfigtubin the Cudgeller (level 4, -2/43 HPs)
             Began as a Gargoyle Berserker on Jan 1, 2023.
             Was a Believer of Trog.
             Slain by an ice beast (7 damage)
             ... on level 5 of the Dungeon.
             The game lasted 00:11:55 (2778 turns).

Farfigtubin the Cudgeller (Gargoyle Berserker)      Turns: 2778, Time: 00:11:55

Health: -2/43      AC: 15    Str: 22    XL:     4   Next: 67%
Magic:  4/4        EV: 10    Int:  8    God:    Trog [**....]
Gold:   191        SH:  0    Dex:  9    Spells: 3/3 levels left

rFire   . . .      SeeInvis .    s - +3 flail
rCold   . . .      Faith    .    (no shield)
rNeg    + . .      Spirit   .    o - +0 scale mail
rPois   ∞          Reflect  .    (no helmet)
rElec   +          Harm     .    c - scarf {repulsion}
rCorr   .          Rampage  .    (no gloves)
Will    ++...                    l - +0 pair of boots Stlth
                                 (no amulet)
HPRegen 1.27/turn                i - +4 ring of protection
MPRegen 0.09/turn                (no ring)

@: berserking, strong-willed, regenerating, repel missiles, very quick
A: sickness immunity, AC +3, negative energy resistance 1, electricity
resistance, torment resistance 1, petrification resistance
a: Renounce Religion, Berserk, Trog's Hand


You were on level 5 of the Dungeon.
You worshipped Trog.
Trog was pleased with you.
You visited 1 branch of the dungeon, and saw 5 of its levels.

You collected 191 gold pieces.

Inventory:

Hand Weapons
 a - a +0 mace
 s - a +3 flail (weapon)
Armour
 b - a +0 animal skin
 c - a scarf of repulsion (worn)
 d - a +0 leather armour
 l - a +0 pair of boots (worn)
 o - a +0 scale mail (worn)
Jewellery
 f - a ring of ice
 i - a +4 ring of protection (left hand)
 m - a ring of protection from cold
Wands
 v - a wand of roots (7)
Scrolls
 e - 2 scrolls of teleportation
 h - 3 scrolls of magic mapping
 k - 4 scrolls of identify
 p - 2 scrolls of fear {unknown}
 r - a scroll of brand weapon {unknown}
 t - 2 scrolls of noise {unknown}
Potions
 g - a potion of attraction {unknown}
 j - a potion of curing
 n - a potion of degeneration
 q - a potion of resistance {unknown}
 u - a potion of lignification {unknown}


   Skills:
 + Level 4.1 Fighting
 + Level 4.1 Maces & Flails
 + Level 2.7 Armour
 + Level 2.1 Dodging


You had 3 spell levels left.
You didn't know any spells.
Your spell library was empty.

Dungeon Overview and Level Annotations

Branches:
Dungeon (5/15)
 Temple: D:4-7

Altars:
Cheibriados


Innate Abilities, Weirdness & Mutations

You are immune to sickness and miasma.
Your stone body is resilient. (AC +3)
You are immune to poison.
You resist negative energy. (rN+)
You are resistant to electric shocks. (rElec)
You are resistant to unholy torment.
You are immune to petrification.


Message History

You open the door.
There is an open door here.
As you open the door, it creaks loudly!
There is an open door here.
Done exploring.
(D) Dungeon
Where to? (Enter - D:4, ? - help)
There is a stone staircase leading down here.
You climb downwards.
Found a stone staircase leading down and a stone staircase leading up.
There is a stone staircase leading up here.
You open the door.
Found 10 gold pieces.
There is an open door here.
Found a sling.
You now have 191 gold pieces (gained 10).
Found a long runed staff.
Found a stone staircase leading up.
Found a bone wand.
Found a hand axe.
v - a wand of roots (7)
You open the door.
An ice beast comes into view.
There is an open door here.
The ice beast hits you. The ice beast freezes you!
You closely miss the ice beast. The ice beast hits you.
The ice beast freezes you!
* * * LOW HITPOINT WARNING * * *
Your skin crawls.
You feel strong-willed. The ice beast closely misses you.
A red film seems to cover your vision as you go berserk!
You feel yourself moving faster!
You feel mighty!
The ice beast hits you but does no damage.
You hit the ice beast.
The ice beast is lightly wounded.
The ice beast hits you.
* * * LOW HITPOINT WARNING * * *
The ice beast freezes you!
You die...

###+###...##...#
##.............#
##......<.....#
..............##
...............#
##...##|..##...#
##...##...##..######
##...#........##...##
.....#.........'@Y..#
.....#.........#....#
#####################


You could see an ice beast.

Vanquished Creatures
  3 adders
  A worm (D:2)
  2 dart slugs
  4 orcs (D:3)
  7 ball pythons
  4 bats
  6 endoplasms
  4 giant cockroaches
  6 goblins
  3 hobgoblins
  7 kobolds
  4 frilled lizards
  2 rats
53 creatures vanquished.

Notes
Turn   | Place    | Note
-------+----------+-------------------------------------------
     0 | D:1      | Farfigtubin the Gargoyle Berserker began the quest for the
                  | Orb.
     0 | D:1      | Reached XP level 1. HP: 14/14 MP: 1/1
   156 | D:1      | Reached XP level 2. HP: 12/19 MP: 2/2
   569 | D:1      | Reached XP level 3. HP: 24/24 MP: 3/3
   837 | D:2      | Reached ** piety under Trog
  1093 | D:2      | Found a snail-covered altar of Cheibriados.
  1471 | D:3      | Reached XP level 4. HP: 29/29 MP: 4/4
  2733 | D:5      | Entered Level 5 of the Dungeon
  2772 | D:5      | Noticed an ice beast
  2775 | D:5      | HP: 1/29 [ice beast (14)]
  2778 | D:5      | Slain by an ice beast

Illustrated notes

Levels and vault maps discovered:
D:1:      dpeg_arrival_tiny_f, layout_basic
D:2:      minmay_evil_eye, layout_loops_cross, basic_altar
D:3:      layout_basic
D:4:      layout_gridville, minmay_crystal_water, nicolae_figureground_pulse
D:5:      layout_gridville, serial_bayou, serial_bayou_lagoon_a,
          serial_bayou_pond_a, serial_bayou_shore_a, serial_bayou_pond_a,
          gammafunk_ghost_cemetery

Skill      XL: |  1  2  3  4 |
---------------+-------------+-----
Maces & Flails | 4 |  4.1
Dodging        | 2 |  2.1
Fighting       | 4 |  4.1
Armour         | |  2.7

Action                   |  1- 3 |  4- 6 || total
-------------------------+-------+-------++-------
Melee: Mace              |   125 |    28 ||   153
       Punch             |     1 |       ||     1
       Flail             |       |    22 ||    22
Invok: Berserk           |     1 |     1 ||     2
       Trog's Hand       |       |     1 ||     1
  Use: Scroll            |       |     4 ||     4
Armor: Animal skin       |     7 |       ||     7
       Leather armour    |    27 |       ||    27
       Scale mail        |    30 |    33 ||    63
Dodge: Dodged            |    98 |    41 ||   139
       Repelled          |     2 |       ||     2

Table legend: (Time is in decaauts)
 A = Elapsed time spent in this place.
 B = Non-inter-level travel time spent in this place.
 C = Inter-level travel time spent in this place.
 D = Time resting spent in this place.
 E = Time spent auto-exploring this place.
 F = Levels seen in this place.
 G = Mean time per level.
                   A        B        C        D        E       F      G
               +--------+--------+--------+--------+--------+-----+--------+
         Total |   2822 |   2730 |     92 |     33 |   1476 |   5 |  564.4 |
       Dungeon |   2822 |   2730 |     92 |     33 |   1476 |   5 |  564.4 |
               +--------+--------+--------+--------+--------+-----+--------+

Top non-repeatable levels by time:
     D:4: 720 daAuts
     D:2: 701 daAuts
     D:3: 690 daAuts
     D:1: 664 daAuts
     D:5: 45 daAuts
